 Dungeon Crawl Stone Soup version 0.28-a0-474-g535839065c (webtiles) character file.

Game seed: 5743513622273955034

2247 frimble the Slicer (level 9, -3/54 HPs)
             Began as an Octopode Warper on Sept 15, 2021.
             Slain by a wyvern skeleton (12 damage)
             ... on level 7 of the Dungeon.
             The game lasted 00:13:49 (9606 turns).

frimble the Slicer (Octopode Warper)                Turns: 9606, Time: 00:13:50

Health: -3/54      AC:  1    Str: 11    XL:     9   Next: 37%
Magic:  8/12       EV: 13    Int: 18    God:
Gold:   166        SH:  0    Dex: 11    Spells: 7/12 levels left

rFire   . . .      SeeInvis .   p - +0 short sword
rCold   . . .      Faith    .   (no shield)
rNeg    . . .      Spirit   .   (helmet restricted)
rPois   .          Reflect  .   (no amulet)
rElec   .          Harm     .   (no ring)
rCorr   .          Rampage  .   (no ring)
Will    .....                   (no ring)
Stlth   ++++......              (no ring)
HPRegen 0.18/turn               (no ring)
MPRegen 0.13/turn               (no ring)
                                (no ring)
                                (no ring)

@: no status effects
A: almost no armour, amphibious, 8 rings, camouflage 1, gelatinous body 1,
(nimble swimmer 1), tentacles
a: no special abilities


You were on level 7 of the Dungeon.
You visited 1 branch of the dungeon, and saw 7 of its levels.
You also visited: Ossuary.

You collected 255 gold pieces.
You spent 89 gold pieces at shops.

Inventory:

Hand Weapons
 a - a +2 dagger of venom
 p - a +0 short sword (weapon)
 u - a +0 rapier of freezing
Missiles
 c - 5 boomerangs of dispersal (quivered)
Armour
 m - a +0 kite shield
Jewellery
 q - an amulet of the acrobat
Wands
 i - a wand of polymorph (3)
Scrolls
 b - 3 scrolls of blinking
 g - 2 scrolls of enchant armour
 h - 2 scrolls of fear
 j - 2 scrolls of silence
 o - 3 scrolls of amnesia
 s - 2 scrolls of teleportation
Potions
 d - 2 potions of brilliance
 e - a potion of haste
 f - 2 potions of flight
 k - a potion of mutation
 l - a potion of might
 n - a potion of invisibility
 r - 3 potions of attraction
 t - a potion of heal wounds
 v - a potion of curing
 x - a potion of resistance


   Skills:
 - Level 2.0 Fighting
 + Level 8.6 Short Blades
 - Level 1.0 Throwing
 - Level 2.3 Dodging
 - Level 5.2 Stealth
 - Level 2.0 Spellcasting
 - Level 3.0 Translocations
 + Level 7.9 Ice Magic


You had 7 spell levels left.
You knew the following spells:

 Your Spells              Type           Power      Damage    Failure   Level
a - Blink                 Tloc           N/A        N/A       8%          2
b - Frozen Ramparts       Ice            60%        1d8       1%          3

Your spell library contained the following spells:

 Spells                   Type           Power      Damage    Failure   Level
 Freeze                   Ice            100%       1d11      1%          1
 Gell's Gravitas          Tloc           6%         N/A       16%         3
 Lesser Beckoning         Tloc           12%        N/A       16%         3
 Teleport Other           Tloc           12%        N/A       16%         3
 Magic Dart               Conj           4%         1d3       19%         1
 Summon Small Mammal      Summ           4%         N/A       19%         1
 Call Imp                 Summ           1%         N/A       26%         2
 Sublimation of Blood     Necr           0%         N/A       26%         2
 Hailstorm                Conj/Ice       16%        3d6       34%         4
 Call Canine Familiar     Summ           1%         N/A       47%         3
 Mephitic Cloud           Conj/Pois/Air  1%         N/A       47%         3
 Summon Guardian Golem    Hex/Summ       1%         N/A       47%         3
 Manifold Assault         Tloc           12%        N/A       82%         5
 Cause Fear               Hex            0%         N/A       87%         4
 Petrify                  Tmut/Erth      1%         N/A       87%         4
 Irradiate                Conj/Tmut      0%         3d13      99%         5
 Dragon Form              Tmut           0%         N/A       100%        7
 Dragon's Call            Summ           0%         N/A       100%        9


Dungeon Overview and Level Annotations

Branches:
Dungeon (7/15)            Ossuary (visited)
 Temple: D:4-7

Altars:
Ashenzari
Fedhas
Gozag
Hepliaklqana
Trog
Xom

Shops:
D:4 **[!

Annotations:
D:2 1 runed translucent door, Crazy Yiuf
D:4 1 runed translucent door, spiderkeys's ghost, novice OpAK


Innate Abilities, Weirdness & Mutations

You cannot wear most types of armour.
You are amphibious.
You can wear up to eight rings at the same time.
Your skin changes colour to match your surroundings (Stealth+).
Your rubbery body absorbs attacks. (AC +1, EV +1)
((You are camouflaged near water. (Stealth+)))
You have tentacles for arms and can constrict up to eight enemies at once.


Message History

You puncture the wyvern skeleton!
The wyvern skeleton is heavily damaged.
The wyvern skeleton bites you!
You are too injured to fight recklessly!
You are too injured to fight recklessly!
You are too injured to fight recklessly!
You are too injured to fight recklessly!
You are too injured to fight recklessly!
You are too injured to fight recklessly!
You are too injured to fight recklessly!
You are too injured to fight recklessly!
You are too injured to fight recklessly!
You hit the wyvern skeleton but do no damage.
You squeeze the wyvern skeleton, but do no damage.
The wyvern skeleton is heavily damaged.
You hit the wyvern skeleton but do no damage.
The wyvern skeleton is heavily damaged.
The wyvern skeleton bites you!
You hit the wyvern skeleton. You squeeze the wyvern skeleton.
The wyvern skeleton is severely damaged.
The wyvern skeleton bites you!
* * * LOW HITPOINT WARNING * * *
You hit the wyvern skeleton.
The wyvern skeleton is severely damaged.
The wyvern skeleton completely misses you.
You hit the wyvern skeleton but do no damage.
You squeeze the wyvern skeleton.
The wyvern skeleton is severely damaged.
The wyvern skeleton bites you.
* * * LOW HITPOINT WARNING * * *
Casting: Blink (safe; 8% risk of failure)
Confirm with . or Enter, or press ? or * to list all spells.
You blink.
The wyvern skeleton misses you.
Casting: Blink (safe; 8% risk of failure)
Confirm with . or Enter, or press ? or * to list all spells.
You blink.
Okay, then.
Unknown command.
The wyvern skeleton bites you!
You die...

#...# #..# .# #####
##..# #.# #...#
#+###..### #..#.#
#.$......# #..##.##
#.§.# ## ##.#
#..#### ##.## .#
#..# ##....###§.#
.####.###
####...Z.##
(.......######<.@>##
#.###.#...........#
#o###.###....####..#
#oo##.....#### ##.#
##..#..#### ..#
##.#..# #... ....#
.### ...## ##.. >###


You could see a wyvern skeleton.

Vanquished Creatures
  A steam dragon (D:5)
  An ice beast (D:6)
  An orc warrior (D:7)
  2 black bears
  2 sky beasts
  A centaur (D:5)
  4 elf zombies
  A bullfrog (D:6)
  An elf skeleton (D:4)
  5 scorpions
  A water moccasin skeleton (D:4)
  3 bullfrog zombies (D:6)
  A centaur zombie (Ossuary)
  2 centaur skeletons
  A human zombie (Ossuary)
  3 hounds
  2 jellies
  Jessica (D:2)
  2 human skeletons (D:4)
  2 iguanas
  2 orc wizards (D:5)
  A killer bee zombie (D:6)
  A mummy (Ossuary)
  3 gnolls (D:5)
  A howler monkey skeleton (D:7)
  3 adders
  A white imp (D:6)
  An adder skeleton (D:4)
  2 dart slugs
  3 worms
  5 orcs
  5 ball pythons
  4 endoplasms
  4 giant cockroaches
  4 goblins
  7 hobgoblins
  10 jackals
  6 kobolds
  2 quokkas
  2 bats
  2 frilled lizards
  An orc skeleton (D:4)
  9 rats
116 creatures vanquished.

Notes
Turn   | Place    | Note
-------+----------+-------------------------------------------
     0 | D:1      | frimble the Octopode Warper began the quest for the Orb.
     0 | D:1      | Reached XP level 1. HP: 14/14 MP: 3/3
   226 | D:1      | Reached skill level 1 in Stealth
   376 | D:1      | Reached XP level 2. HP: 19/19 MP: 5/5
   758 | D:1      | Reached XP level 3. HP: 18/24 MP: 6/6
  1118 | D:2      | Learned a level 2 spell: Blink
  1220 | D:2      | Noticed Jessica
  1226 | D:2      | Learned a level 3 spell: Frozen Ramparts
  1233 | D:2      | Killed Jessica
  1234 | D:2      | Reached skill level 3 in Short Blades
  1234 | D:2      | Reached XP level 4. HP: 29/29 MP: 7/7
  1283 | D:2      | Found a runed translucent door.
  1284 | D:2      | Noticed Crazy Yiuf
  1373 | D:2      | Found a hazy altar of Hepliaklqana.
  1673 | D:2      | Reached skill level 1 in Ice Magic
  1871 | D:2      | Found a faded altar of an unknown god.
  2297 | D:3      | Found a broken altar of Ashenzari.
  2962 | D:3      | Found an opulent altar of Gozag.
  3277 | D:4      | Found Gut Uniu's Armour Boutique.
  3277 | D:4      | Found a runed translucent door.
  3329 | D:4      | Reached XP level 5. HP: 34/34 MP: 8/8
  3405 | D:4      | Found Xyfemut's Assorted Antiques.
  3416 | D:4      | Bought a scroll labelled OLIUGE WOMEFF for 31 gold pieces
  3416 | D:4      | Bought a scroll labelled GUINUH SOPH for 31 gold pieces
  3416 | D:4      | Bought a fuming yellow potion for 27 gold pieces
  3546 | D:4      | Reached skill level 4 in Short Blades
  3750 | D:4      | Reached skill level 5 in Stealth
  3750 | D:4      | Reached XP level 6. HP: 18/39 MP: 9/9
  3752 | D:4      | Found a sand-covered staircase.
  3765 | Ossuary  | Entered an ossuary
  4449 | Ossuary  | Reached XP level 7. HP: 18/45 MP: 7/10
  4649 | Ossuary  | Reached skill level 5 in Short Blades
  5135 | D:4      | Found Vaopn's General Store.
  5171 | D:4      | Reached skill level 6 in Short Blades
  5171 | D:4      | Reached skill level 5 in Ice Magic
  5171 | D:4      | Reached XP level 8. HP: 39/50 MP: 11/11
  5691 | D:4      | Found Pieg Ofy's Distillery.
  5947 | D:4      | Noticed spiderkeys's ghost (novice OpAK)
  6162 | D:5      | Entered Level 5 of the Dungeon
  6557 | D:5      | Reached skill level 7 in Short Blades
  6885 | D:5      | Found a blossoming altar of Fedhas.
  6970 | D:5      | Found a bloodstained altar of Trog.
  7987 | D:6      | Reached XP level 9. HP: 54/54 MP: 12/12
  8159 | D:7      | Reached skill level 8 in Short Blades
  9176 | D:6      | Found a shimmering altar of Xom.
  9606 | D:7      | Slain by a wyvern skeleton

Illustrated notes

Levels and vault maps discovered:
D:1:      tarquinn_simple_flora_water_f, layout_loops_ring
D:2:      layout_basic, basic_altar, shapermc_ecumenical_altar_mp_urbaneastern,
          minmay_tromino_v2, uniq_crazy_yiuf_cottage, uniq_jessica
D:3:      layout_loops_corners, ashenzari_altar_1, grunt_gozag_breadcrumbs
D:4:      layout_layer_cave, nicolae_ossuary_entry_catacombs, serial_shops,
          nicolae_stop_n_shop_2, shop, shop,
          nicolae_shop_temple_entry_statues_fountains,
          ebering_ghost_reflecting_pool, st_stairs_9
D:5:      layout_basic, bloody_trog, overflow_temple_1_default
D:6:      layout_basic, lemuel_tele_altar, minmay_misc_feat_ornament
D:7:      layout_rooms, gammafunk_temple_overflow_forgotten,
          minmay_temple_entry_statues_pillars, gammafunk_ghost_icy

Skill      XL: |  1  2  3  4  5  6  7  8  9 |
---------------+----------------------------+-----
Stealth        | 1 2 3 4 5 |  5.2
Short Blades   | 3 4 6 7 8 |  8.6
Ice Magic      | 1 2 3 5 7 |  7.9
Fighting       | |  2.0
Throwing       | |  1.0
Dodging        | |  2.3
Spellcasting   | |  2.0
Translocations | |  3.0

Action                   |  1- 3 |  4- 6 |  7- 9 || total
-------------------------+-------+-------+-------++-------
Melee: Short sword       |    57 |   143 |   179 ||   379
       Constrict         |    14 |    23 |    20 ||    57
       Tentacles         |     8 |    32 |    41 ||    81
 Cast: Blink             |       |     2 |     5 ||     7
       Frozen Ramparts   |       |     2 |    11 ||    13
Evoke: Wand              |       |       |     2 ||     2
  Use: Scroll            |       |    13 |     7 ||    20
       Potion            |       |       |     6 ||     6
 Stab: Sleeping          |     7 |    17 |    13 ||    37
       Distracted        |       |       |     2 ||     2
       Invisible         |       |       |     1 ||     1
Armor: Skin              |     4 |     9 |    15 ||    28
Dodge: Dodged            |    38 |    63 |    82 ||   183

Table legend: (Time is in decaauts)
 A = Elapsed time spent in this place.
 B = Non-inter-level travel time spent in this place.
 C = Inter-level travel time spent in this place.
 D = Time resting spent in this place.
 E = Time spent auto-exploring this place.
 F = Levels seen in this place.
 G = Mean time per level.
                   A        B        C        D        E       F      G
               +--------+--------+--------+--------+--------+-----+--------+
         Total |   9548 |   9184 |    364 |   1553 |   6414 |   8 | 1193.5 |
       Dungeon |   8434 |   8070 |    364 |    676 |   6373 |   7 | 1204.9 |
       Ossuary |   1114 |   1114 |      0 |    877 |     41 |   1 | 1114.0 |
               +--------+--------+--------+--------+--------+-----+--------+

Top non-repeatable levels by time:
     D:4: 1751 daAuts
     D:5: 1663 daAuts
     D:6: 1513 daAuts
     D:3: 1162 daAuts
 Ossuary: 1114 daAuts
     D:1: 1085 daAuts
     D:2: 1024 daAuts
     D:7: 234 daAuts
